 Dungeon Crawl Stone Soup version 0.31-a0-983-g7b6862f502 (webtiles) character file.

Game seed: 7345247418420096693

800 billz999 the Chopper (level 7, -8/55 HPs)
             Began as a Demonspawn Gladiator on Nov 2, 2023.
             Was an Initiate of Kikubaaqudgha.
             Mangled by a two-headed ogre
             ... wielding a +0 giant club
              (10 damage)
             ... on level 6 of the Dungeon.
             The game lasted 00:10:28 (5649 turns).

billz999 the Chopper (Demonspawn Gladiator)         Turns: 5649, Time: 00:10:29

Health: -8/55      AC: 12    Str: 17    XL:     7   Next: 59%
Magic:  7/7        EV:  5    Int: 11    God:    Kikubaaqudgha [......]
Gold:   167        SH:  0    Dex: 14    Spells: 6/6 levels left

rFire   . . .        q - +0 flail (venom)
rCold   . . .        (no shield)
rNeg    . . .        u - +0 plate armour
rPois   .            c - +0 helmet
rElec   .            (no cloak)
rCorr   .            v - +0 pair of gloves
SInv    .            (no boots)
Will    .....        (no amulet) Stlth
                     (no ring)
HPRegen 0.29/turn    (no ring)
MPRegen 0.10/turn

%: no passive effects
@: no status effects
A: powered by death 1, big brain 1, weakness stinger 1
a: Renounce Religion


You were on level 6 of the Dungeon.
You worshipped Kikubaaqudgha.
Kikubaaqudgha was noncommittal.
You visited 2 branches of the dungeon, and saw 7 of its levels.

You collected 167 gold pieces.

Inventory:

Hand Weapons
 a - a +0 war axe
 q - a +0 flail of venom (weapon)
 r - a +0 sling
Missiles
 d - 3 throwing nets
 e - 7 javelins (quivered)
 s - 5 poisoned darts
Armour
 b - a +0 leather armour
 c - a +0 helmet (worn)
 u - a +0 plate armour (worn)
 v - a +0 pair of gloves (worn)
Jewellery
 g - a ring of fire
 A - an amulet of the acrobat
Talismans
 x - a beast talisman
Wands
 y - a wand of roots (7)
Scrolls
 f - 2 scrolls of enchant armour {unknown}
 h - 4 scrolls of identify {unknown}
 i - a scroll of revelation {unknown}
 k - 2 scrolls of teleportation
 n - 3 scrolls of noise {unknown}
 o - a scroll of silence {unknown}
 p - a scroll of immolation {unknown}
 t - a scroll of enchant weapon {unknown}
 w - a scroll of torment {unknown}
 z - a scroll of vulnerability {unknown}
Potions
 j - a potion of heal wounds
 l - a potion of brilliance {unknown}
 m - a potion of attraction {unknown}


   Skills:
 + Level 4.6 Fighting
 * Level 6.1 Axes
 + Level 4.1 Throwing
 - Level 2.6 Dodging


You had 6 spell levels left.
You didn't know any spells.
Your spell library contained the following spells:

 Spells                   Type           Power      Damage    Failure   Level
 Sublimation of Blood     Necr           0%         N/A       100%        2
 Petrify                  Tmut/Erth      0%         N/A       100%        4
 Irradiate                Conj/Tmut      0%         3d11      100%        5
 Malign Gateway           Summ/Tloc      0%         N/A       100%        7
 Summon Horrible Things   Summ           0%         N/A       100%        8


Dungeon Overview and Level Annotations

Branches:
Dungeon (6/15)             Temple (1/1) D:6

Altars:
Cheibriados
Dithmenos
Fedhas
Gozag
Kikubaaqudgha
Nemelex Xobeh
Okawaru
Qazlal
Sif Muna
Trog
Vehumet
Wu Jian
Xom

Shops:
D:2 !   D:4 =

Annotations:
D:5 Grinder, Pikel


Innate Abilities, Weirdness & Mutations

You regenerate a little health from kills.
You have an unusually large brain. (Int +2)
You have a small tail.


Message History

Press: ? - help, Shift-Dir - straight line, f/p - two-headed ogre
Aim: a two-headed ogre, wielding a +0 giant club and a +0 giant spiked club (severely wounded)
The roots erupt in riotous growth!
Roots grab the two-headed ogre.
The grasping roots constrict the two-headed ogre, but do no damage.
You hear an angry hiss.
The two-headed ogre struggles to escape constriction.
The grasping roots constrict the two-headed ogre.
The two-headed ogre escapes!
There is a staircase to the Ecumenical Temple here.
Aiming: Fastroot
Press: ? - help, Shift-Dir - straight line, f/p - two-headed ogre
Aim: a two-headed ogre, wielding a +0 giant club and a +0 giant spiked club (almost dead)
The roots erupt in riotous growth!
Roots grab the two-headed ogre.
Roots grab the bush.
The grasping roots constrict the two-headed ogre.
The grasping roots constrict the bush.
You hear an angry hiss.
The two-headed ogre struggles to escape constriction.
The roots release their grip on the two-headed ogre.
The roots release their grip on the bush.
You climb downwards.
Welcome to the Ecumenical Temple!
Found two altars.
Found a staircase back to the Dungeon.
There is a staircase back to the Dungeon here.
You start resting.
HP restored.
You climb upwards.
Welcome back to the Dungeon!
The centaur wields a +0 shortbow.
The centaur shoots an arrow.
The arrow hits you but does no damage.
The two-headed ogre hits you with a +0 giant club!!
The two-headed ogre barely misses you.
The centaur shoots an arrow.
The arrow hits you.
There is a staircase to the Ecumenical Temple, spattered with blood here.
The two-headed ogre attacks as it pursues you!
The two-headed ogre hits you with a +0 giant club!!
Ouch! That really hurt!
* * * LOW HITPOINT WARNING * * *
The two-headed ogre hits you with a +0 giant spiked club!
You die...
Kikubaaqudgha rasps: "You have failed me!
Welcome... death!"

#.....##...#......######
#.................#
#.....###.........#
##..#####.##......# ##
#......#..#......# .#
##.#c.....#[.....# .#
#.#.P.P..#.....<# .#
#O#..O..######### .# ##
#c#.P@P.# ## #..
#.#.....# .## #.###.#.#
#[# #...#.#...
#)##+###.#.####.
+(#..8##.#.# ..
#!#..)'..#.# # #'
#)##'###.#.# #.8# #8.#
#.#


You could see a two-headed ogre and a centaur.

Vanquished Creatures
  A vampire mosquito (D:6)
  A black bear (D:4)
  An ogre (D:4)
  Blork the orc (D:6)
  A scorpion (D:6)
  A hound (D:5)
  2 sleepcaps
  An orc wizard (D:5)
  3 iguanas
  9 adders
  A shadow imp (D:6)
  5 worms
  3 dart slugs
  12 orcs
  3 bats
  3 endoplasms
  A giant cockroach (D:1)
  7 goblins
  5 hobgoblins
  2 quokkas
  9 ball pythons
  3 frilled lizards
  11 kobolds
  2 rats
88 creatures vanquished.

Notes
Turn   | Place    | Note
-------+----------+-------------------------------------------
     0 | D:1      | billz999 the Demonspawn Gladiator began the quest for the
                  | Orb.
     0 | D:1      | Reached XP level 1. HP: 16/16 MP: 1/1
   180 | D:1      | Reached skill level 3 in Axes
   188 | D:1      | Gained mutation: You have an unusually large brain. (Int
                  | +2) [demonic ancestry]
   188 | D:1      | Reached XP level 2. HP: 21/22 MP: 2/2
   724 | D:2      | Reached XP level 3. HP: 15/28 MP: 3/3
   852 | D:2      | Found Syviab's Distillery.
  1145 | D:2      | Reached XP level 4. HP: 33/34 MP: 4/4
  1170 | D:2      | Found a faded altar of an unknown god.
  2159 | D:3      | Reached skill level 4 in Axes
  2501 | D:4      | Reached XP level 5. HP: 18/41 MP: 5/5
  2591 | D:4      | Noticed a black bear
  2592 | D:4      | Noticed an ogre
  2647 | D:5      | Entered Level 5 of the Dungeon
  2776 | D:5      | Noticed Grinder
  2905 | D:4      | Found an ancient bone altar of Kikubaaqudgha.
  2912 | D:4      | Became a worshipper of Kikubaaqudgha
  3126 | D:4      | Found Wepn's Jewellery Boutique.
  3522 | D:5      | Paralysed by Grinder for 4 turns
  3684 | D:5      | Found a bloodstained altar of Trog.
  3737 | D:5      | HP: 2/41 [iguana (4)]
  3739 | D:5      | Gained mutation: You have a small tail. [demonic ancestry]
  3739 | D:5      | Reached XP level 6. HP: 2/47 MP: 6/6
  3772 | D:5      | Noticed Pikel
  3788 | D:5      | Paralysed by Pikel for 2 turns
  3828 | D:4      | Reached skill level 5 in Axes
  4310 | D:4      | Gained mutation: You regenerate a little health from kills.
                  | [demonic ancestry]
  4310 | D:4      | Reached XP level 7. HP: 37/54 MP: 7/7
  4898 | D:6      | Found a staircase to the Ecumenical Temple.
  5103 | D:6      | Noticed Blork the orc
  5115 | D:6      | Killed Blork the orc
  5486 | D:6      | Noticed a vampire mosquito
  5492 | D:6      | Noticed a two-headed ogre
  5496 | D:6      | Killed a vampire mosquito
  5497 | D:6      | Reached skill level 6 in Axes
  5522 | Temple   | Entered the Ecumenical Temple
  5649 | D:6      | HP: 2/55 [two-headed ogre/+0 giant club (30)]
  5649 | D:6      | Mangled by a two-headed ogre

Illustrated notes

Levels and vault maps discovered:
D:1:      lemuel_arrival_cross, layout_basic, serial_rivers,
          chequers_serial_rivers_small_a, chequers_serial_rivers_micro_d,
          chequers_serial_rivers_micro_d, chequers_serial_rivers_large_b
D:2:      layout_rooms, serial_shops, shop,
          shapermc_ecumenical_altar_mp_vishouse
D:3:      layout_basic
D:4:      minmay_diamond_boxcup, layout_cave_pods, kiku_gazebo_garden_becter,
          serial_shops, nicolae_shop_hallway_stairs
D:5:      layout_cave_pools, trog_three_pillars_becter,
          minmay_misc_feat_hallway, uniq_grinder, uniq_pikel
D:6:      minmay_chambers_of_sixes, layout_basic, marbit_many_paths,
          minmay_temple_entry_trees, uniq_blork_the_orc
Temple:   nicolae_temple_bog_church

Skill      XL: |  1  2  3  4  5  6  7 |
---------------+----------------------+-----
Axes           | 3 4 5 6 |  6.1
Throwing       | 2 3 4 |  4.1
Fighting       | 3 4 |  4.6
Dodging        | |  2.6

Action                     |  1- 3 |  4- 6 |  7- 9 || total
---------------------------+-------+-------+-------++-------
  Melee: War axe           |    81 |    62 |       ||   143
         Punch             |     1 |     1 |       ||     2
         Flail             |       |    82 |    37 ||   119
         Tailslap          |       |     3 |     3 ||     6
  Throw: Dart              |       |     7 |     4 ||    11
         Javelin           |       |     3 |       ||     3
  Evoke: Wand              |       |       |     8 ||     8
    Use: Scroll            |     1 |     2 |       ||     3
         Potion            |       |     3 |       ||     3
   Stab: Sleeping          |       |     2 |       ||     2
 Armour: Leather armour    |    36 |   125 |     4 ||   165
         Plate armour      |       |       |    45 ||    45
  Dodge: Dodged            |    55 |   111 |    14 ||   180

Table legend: (Time is in decaauts)
 A = Elapsed time spent in this place.
 B = Non-inter-level travel time spent in this place.
 C = Inter-level travel time spent in this place.
 D = Time resting spent in this place.
 E = Time spent auto-exploring this place.
 F = Levels seen in this place.
 G = Mean time per level.
                   A        B        C        D        E       F      G
               +--------+--------+--------+--------+--------+-----+--------+
         Total |   5753 |   5271 |    482 |    917 |   3414 |   7 |  821.9 |
       Dungeon |   5627 |   5145 |    482 |    793 |   3414 |   6 |  937.8 |
        Temple |    125 |    125 |      0 |    124 |      0 |   1 |  125.0 |
               +--------+--------+--------+--------+--------+-----+--------+

Top non-repeatable levels by time:
     D:4: 1931 daAuts
     D:3: 1078 daAuts
     D:1: 758 daAuts
     D:6: 758 daAuts
     D:2: 662 daAuts
     D:5: 439 daAuts
  Temple: 125 daAuts
